 Dungeon Crawl Stone Soup version 0.29.1 (webtiles) character file.

Game seed: 9387267070445581392

1824 qw the Cleaver (level 8, 0/71 HPs)
             Began as a Minotaur Berserker on Sept 13, 2022.
             Was a Priest of Trog.
             Slain by an unseen horror (4 damage)
             ... on level 7 of the Dungeon.
             The game lasted 00:02:19 (6702 turns).

qw the Cleaver (Minotaur Berserker)                 Turns: 6702, Time: 00:02:19

Health: 0/71       AC: 12    Str: 22    XL:     8   Next: 86%
Magic:  7/7        EV:  9    Int:  8    God:    Trog [***...]
Gold:   320        SH:  0    Dex: 16    Spells: 7/7 levels left

rFire   . . .      SeeInvis .   Y - +0 war axe
rCold   . . .      Faith    .   (no shield)
rNeg    . . .      Spirit   .   n - +0 chain mail
rPois   .          Reflect  .   (helmet restricted)
rElec   .          Harm     .   b - +0 cloak
rCorr   .          Rampage  .   (no gloves)
Will    .....                   g - +0 pair of boots {Stlth+}
Stlth   ..........              (no amulet)
HPRegen 0.21/turn               l - +6 ring of dexterity
MPRegen 0.10/turn               (no ring)

@: no status effects
A: horns 2, retaliatory headbutt, claws 1, hooves 1, clever 1, evolution 1
a: Renounce Religion, Berserk, Trog's Hand


You were on level 7 of the Dungeon.
You worshipped Trog.
Trog was most pleased with you.
You visited 1 branch of the dungeon, and saw 7 of its levels.
You also visited: Sewer.

You collected 320 gold pieces.


Innate Abilities, Weirdness & Mutations

You have a pair of horns on your head.
You reflexively headbutt those who attack you in melee.
You have sharp fingernails.
You have large cloven feet.
Your mind is acute. (Int +4, Str/Dex -1)
You have hidden genetic potential.


   Skills:
 - Level 6.6 Fighting
 + Level 11.7 Axes
 - Level 1.8 Throwing
 - Level 4.7 Armour
 - Level 3.4 Dodging


You had 7 spell levels left.
You didn't know any spells.
Your spell library was empty.

Inventory:

Hand Weapons
 h - a +2 vorpal flail
 Y - a +0 war axe (weapon)
Missiles
 j - 4 boomerangs
 o - 2 silver boomerangs (quivered)
Armour
 b - a +0 cloak (worn)
 g - a +0 pair of boots of stealth (worn)
 n - a +0 chain mail (worn)
 p - the +15 Maxwell's patent armour {-Cast -Tele rElec Will+ rCorr}
   (You acquired it on level 4 of the Dungeon)

   rElec:     It insulates you from electricity.
   -Cast:     It prevents spellcasting.
   -Tele:     It prevents most forms of teleportation.
   rCorr:     It protects you from acid and corrosion.
   Will:      It increases your willpower.
Jewellery
 l - a +6 ring of dexterity (left claw)
Scrolls
 a - a scroll of identify
 e - 6 scrolls of teleportation
Potions
 d - a potion of might
 f - 2 potions of haste
 i - a potion of cancellation
 k - 3 potions of curing
 m - 2 potions of heal wounds
 r - a potion of ambrosia {unknown}
 s - a potion of resistance

Dungeon Overview and Level Annotations

Branches:
Dungeon (7/15)             Temple (0/1) D:4           Sewer (visited)

Altars:
Elyvilon
Hepliaklqana

Annotations:
D:4 1 runed translucent door, Crazy Yiuf


Message History

You miss something. Something hits you.
You swing at nothing.
Something hits you.
You miss something. Your headbutt misses something.
Something hits you but does no damage.
You swing at nothing.
Something hits you but does no damage.
You swing at nothing.
Something hits you but does no damage.
You swing at nothing.
Something hits you but does no damage.
You swing at nothing.
Something hits you.
You swing at nothing.
Something hits you.
You hit something but do no damage. Something hits you.
You closely miss something. Your headbutt misses something. Something hits you!
You swing at nothing.
You hit something but do no damage. Something hits you! Something hits you.
You miss something. Something hits you.
You swing at nothing.
Something hits you.
You swing at nothing.
Something hits you but does no damage.
You hit something but do no damage. Something hits you.
You swing at nothing.
Something hits you but does no damage.
You closely miss something. Something hits you.
You slash something! You headbutt something. Something hits you. x3
You barely miss something. Something hits you.
You die...

# #. #. #.. ..
#..##########..
...##........
#.##.........
#@{.........#
####........# #.
#........# #.#
#........#
#.#####........#
#.##.......%...#
#.##.####.<##..
#.#..# #...# ..
##.#.####..##


There were no monsters in sight!

Vanquished Creatures
  Prince Ribbit (D:7)
  3 water moccasins
  A black bear (D:5)
  A sky beast (D:6)
  An ogre (D:6)
  A phantom (D:4)
  4 scorpions
  A jelly (D:4)
  2 hounds (D:6)
  2 orc priests
  A gnoll bouda (D:4)
  5 iguanas
  Jessica (D:3)
  A merfolk siren (Sewer)
  3 orc wizards
  A merfolk avatar (Sewer)
  9 adders
  3 gnolls (D:4)
  A river rat (Sewer)
  2 white imps
  3 ufetubi
  A worm (D:5)
  20 orcs
  6 endoplasms
  6 giant cockroaches
  6 hobgoblins
  4 jackals (D:1)
  5 kobolds
  7 quokkas
  9 ball pythons
  2 bats (D:2)
  10 frilled lizards
  14 goblins
  33 rats
170 creatures vanquished.

Notes
Turn   | Place    | Note
-------+----------+-------------------------------------------
     0 | D:1      | qw the Minotaur Berserker began the quest for the Orb.
     0 | D:1      | Reached XP level 1. HP: 19/19 MP: 0/0
     0 | D:1      | 0 ||| qw: Version: 0.1-a-119-g272c26d
     0 | D:1      | 0 ||| qw: Game counter: 11083
     0 | D:1      | 0 ||| qw: Always use a shield: true
     0 | D:1      | 0 ||| qw: Do Orc after D:15 true
     0 | D:1      | 0 ||| qw: Do second Lair branch before Depths: true
     0 | D:1      | 0 ||| qw: Lair rune preference: random
     0 | D:1      | 0 ||| qw: Plans: Normal
     0 | D:1      | 0 ||| PLANNING D:1-11
    40 | D:1      | Found a faded altar of an unknown god.
   216 | D:1      | 216 ||| Stepping ~*~*~tactically~*~*~ (stealth).
   224 | D:1      | Reached skill level 4 in Axes
   446 | D:1      | Reached XP level 2. HP: 19/26 MP: 1/1
   680 | D:1      | 680 ||| DROPPING -2 club.
   787 | D:1      | 787 ||| UPGRADING to +0 scale mail.
   797 | D:1      | 797 ||| DROPPING +0 animal skin.
   798 | D:1      | 798 ||| DROPPING +0 leather armour.
   799 | D:1      | 799 ||| READING scroll labelled KUMIGIY JYABI.
   804 | D:1      | 804 ||| READING scroll labelled HYM DOMIMUSH.
   820 | D:2      | Found a hazy altar of Hepliaklqana.
   941 | D:2      | Reached skill level 5 in Axes
   941 | D:2      | Reached XP level 3. HP: 28/31 MP: 2/2
   942 | D:2      | 942 ||| Stepping ~*~*~tactically~*~*~ (stealth).
   945 | D:2      | 945 ||| Stepping ~*~*~tactically~*~*~ (stealth).
   986 | D:2      | 986 ||| INVOKING Berserk.
  1217 | D:2      | 1217 ||| FLEEEEING.
  1218 | D:2      | 1218 ||| FLEEEEING.
  1343 | D:2      | Reached ** piety under Trog
  1449 | D:2      | 1449 ||| UPGRADING to +0 cloak.
  1454 | D:2      | 1454 ||| READING 2 scrolls labelled RUVVIE XO CUONG.
  1455 | D:2      | 1455 ||| READING scroll labelled QOFOCZ HITTASS.
  1456 | D:2      | 1456 ||| READING scroll of teleportation.
  1469 | D:3      | Noticed Jessica
  1470 | D:3      | 1470 ||| PLANNING SEWER
  1474 | D:3      | Killed Jessica
  1475 | D:3      | Reached skill level 6 in Axes
  1475 | D:3      | Reached XP level 4. HP: 39/39 MP: 3/3
  1547 | D:3      | Found a glowing drain.
  1588 | Sewer    | Entered a sewer
  1592 | Sewer    | 1592 ||| Stepping ~*~*~tactically~*~*~ (water).
  1744 | Sewer    | Reached *** piety under Trog
  1745 | Sewer    | Reached skill level 7 in Axes
  1745 | Sewer    | Reached XP level 5. HP: 45/45 MP: 4/4
  1784 | Sewer    | 1784 ||| Stepping ~*~*~tactically~*~*~ (stealth).
  1888 | Sewer    | 1888 ||| Stepping ~*~*~tactically~*~*~ (stealth).
  1893 | Sewer    | 1893 ||| Stepping ~*~*~tactically~*~*~ (water).
  1978 | Sewer    | 1978 ||| DROPPING +0 whip.
  2021 | Sewer    | 2021 ||| READING scroll labelled SEEK WEFAUWO.
  2021 | Sewer    | Identified a scroll of acquirement
  2021 | Sewer    | 2021 ||| ACQUIRING +0 pair of boots of stealth
  2021 | Sewer    | Acquired a +0 pair of boots of stealth
  2023 | Sewer    | 2023 ||| UPGRADING to +0 pair of boots of stealth.
  2028 | Sewer    | 2028 ||| DRINKING 2 emerald potions.
  2028 | Sewer    | Gained mutation: You occasionally lose the ability to read
                  | scrolls when taking damage. [potion of mutation]
  2028 | Sewer    | Gained mutation: Your flesh is heat resistant. (rF+)
                  | [potion of mutation]
  2028 | Sewer    | Gained mutation: You are agile. (Dex +4, Str/Int -1)
                  | [potion of mutation]
  2029 | Sewer    | 2029 ||| DRINKING potion of mutation.
  2029 | Sewer    | Lost mutation: You are agile. (Dex +4, Str/Int -1) [potion
                  | of mutation]
  2029 | Sewer    | Lost mutation: Your flesh is heat resistant. (rF+) [potion
                  | of mutation]
  2029 | Sewer    | Gained mutation: You expend magic power (3 MP) to
                  | strengthen your wands. [potion of mutation]
  2029 | Sewer    | Gained mutation: Your muscles are strong. (Str +4, Int/Dex
                  | -1) [potion of mutation]
  2029 | Sewer    | Gained mutation: You have very sharp teeth. [potion of
                  | mutation]
  2030 | Sewer    | 2030 ||| DROPPING potion of flight.
  2044 | D:3      | 2044 ||| PLANNING D:1-11
  2092 | D:3      | 2092 ||| Stepping ~*~*~tactically~*~*~ (stealth).
  2107 | D:3      | 2107 ||| Stepping ~*~*~tactically~*~*~ (hiding).
  2592 | D:3      | 2592 ||| UPGRADING to +6 ring of dexterity.
  2593 | D:3      | 2593 ||| DRINKING 2 orange potions.
  2594 | D:3      | 2594 ||| READING 4 scrolls of identify.
  2594 | D:3      | 2594 ||| IDENTIFYING amethyst potion
  2595 | D:3      | 2595 ||| READING 3 scrolls of identify.
  2595 | D:3      | 2595 ||| IDENTIFYING murky purple potion
  2596 | D:3      | 2596 ||| READING 2 scrolls of identify.
  2596 | D:3      | 2596 ||| IDENTIFYING glowing dark potion
  2746 | D:4      | Noticed a phantom
  2757 | D:4      | Killed a phantom
  2758 | D:4      | Reached skill level 8 in Axes
  2758 | D:4      | Reached XP level 6. HP: 46/52 MP: 5/5
  2820 | D:4      | 2820 ||| Stepping ~*~*~tactically~*~*~ (stealth).
  2859 | D:4      | 2859 ||| Stepping ~*~*~tactically~*~*~ (stealth).
  2867 | D:4      | 2867 ||| READING scroll of acquirement.
  2867 | D:4      | 2867 ||| ACQUIRING +15 Maxwell's patent armour {-Cast -Tele
                  | rElec Will+ rCorr}
  2867 | D:4      | Acquired the +15 Maxwell's patent armour {-Cast -Tele rElec
                  | Will+ rCorr}
  2867 | D:4      | Found the +15 Maxwell's patent armour {-Cast -Tele rElec
                  | Will+ rCorr}
  2869 | D:4      | Found a staircase to the Ecumenical Temple.
  2882 | D:4      | 2882 ||| Stepping ~*~*~tactically~*~*~ (stealth).
  2886 | D:4      | Reached **** piety under Trog
  2895 | D:4      | 2895 ||| Stepping ~*~*~tactically~*~*~ (hiding).
  3020 | D:4      | 3020 ||| INVOKING Berserk.
  3037 | D:4      | 3037 ||| Stepping ~*~*~tactically~*~*~ (stealth).
  3038 | D:4      | 3038 ||| Stepping ~*~*~tactically~*~*~ (stealth).
  3040 | D:4      | 3040 ||| Stepping ~*~*~tactically~*~*~ (stealth).
  3117 | D:4      | 3117 ||| INVOKING Berserk.
  3126 | D:4      | Reached skill level 9 in Axes
  3267 | D:4      | 3267 ||| INVOKING Berserk.
  3276 | D:4      | Reached XP level 7. HP: 60/60 MP: 6/6
  3739 | D:4      | Found a runed translucent door.
  3740 | D:4      | Noticed Crazy Yiuf
  3868 | D:4      | 3868 ||| READING scroll labelled SEGHYB BOGAFUB.
  3922 | D:5      | Entered Level 5 of the Dungeon
  3949 | D:5      | Found a white marble altar of Elyvilon.
  3953 | D:5      | 3953 ||| Stepping ~*~*~tactically~*~*~ (hiding).
  3955 | D:5      | 3955 ||| Stepping ~*~*~tactically~*~*~ (stealth).
  3969 | D:5      | Reached skill level 10 in Axes
  3970 | D:5      | 3970 ||| Stepping ~*~*~tactically~*~*~ (hiding).
  3971 | D:5      | 3971 ||| Stepping ~*~*~tactically~*~*~ (stealth).
  3972 | D:5      | 3972 ||| Stepping ~*~*~tactically~*~*~ (hiding).
  3998 | D:5      | 3998 ||| FLEEEEING.
  3999 | D:5      | 3999 ||| FLEEEEING.
  4000 | D:5      | 4000 ||| FLEEEEING.
  4001 | D:5      | 4001 ||| FLEEEEING.
  4003 | D:5      | 4003 ||| STAIRDANCE
  4087 | D:4      | 4087 ||| DRINKING 2 clear potions.
  4088 | D:4      | 4088 ||| DROPPING potion of brilliance.
  4143 | D:5      | 4143 ||| STAIRDANCE
  4317 | D:5      | 4317 ||| SWAPPING to +0 war axe.
  4318 | D:5      | 4318 ||| DROPPING +0 hand axe.
  4342 | D:5      | Reached skill level 1 in Throwing
  4386 | D:5      | Reached skill level 3 in Dodging
  4471 | D:5      | 4471 ||| INVOKING Berserk.
  4473 | D:5      | Reached skill level 3 in Armour
  4473 | D:5      | Reached XP level 8. HP: 68/68 MP: 7/7
  4807 | D:5      | 4807 ||| Stepping ~*~*~tactically~*~*~ (hiding).
  4811 | D:5      | 4811 ||| Stepping ~*~*~tactically~*~*~ (hiding).
  4817 | D:5      | 4817 ||| INVOKING Berserk.
  4906 | D:5      | 4906 ||| Stepping ~*~*~tactically~*~*~ (stealth).
  4908 | D:5      | 4908 ||| Stepping ~*~*~tactically~*~*~ (hiding).
  5083 | D:5      | 5083 ||| DRINKING 2 potions of mutation.
  5083 | D:5      | Lost mutation: You expend magic power (3 MP) to strengthen
                  | your wands. [potion of mutation]
  5083 | D:5      | Lost mutation: Your muscles are strong. (Str +4, Int/Dex
                  | -1) [potion of mutation]
  5083 | D:5      | Gained mutation: Potions are less effective at restoring
                  | your health. [potion of mutation]
  5083 | D:5      | Gained mutation: You have hidden genetic potential. [potion
                  | of mutation]
  5084 | D:5      | 5084 ||| DRINKING potion of mutation.
  5084 | D:5      | Lost mutation: Potions are less effective at restoring your
                  | health. [potion of mutation]
  5084 | D:5      | Lost mutation: You have very sharp teeth. [potion of
                  | mutation]
  5084 | D:5      | Lost mutation: You occasionally lose the ability to read
                  | scrolls when taking damage. [potion of mutation]
  5084 | D:5      | Gained mutation: Your mind is acute. (Int +4, Str/Dex -1)
                  | [potion of mutation]
  5084 | D:5      | Gained mutation: You have large cloven feet. [potion of
                  | mutation]
  5084 | D:5      | Gained mutation: You have sharp fingernails. [potion of
                  | mutation]
  5281 | D:5      | 5281 ||| UPGRADING to +0 chain mail.
  5291 | D:5      | 5291 ||| DROPPING +0 scale mail.
  5292 | D:5      | 5292 ||| READING scroll labelled SAWNURPHAWOA.
  5393 | D:5      | 5393 ||| READING 4 scrolls of identify.
  5393 | D:5      | 5393 ||| IDENTIFYING red potion
  5394 | D:5      | 5394 ||| READING 3 scrolls of identify.
  5394 | D:5      | 5394 ||| IDENTIFYING murky white potion
  5679 | D:6      | 5679 ||| Stepping ~*~*~tactically~*~*~ (stealth).
  5688 | D:6      | Reached skill level 6 in Fighting
  5953 | D:6      | 5953 ||| INVOKING Berserk.
  6547 | D:6      | 6547 ||| DROPPING orb of energy.
  6548 | D:6      | 6548 ||| READING 2 scrolls of identify.
  6548 | D:6      | 6548 ||| IDENTIFYING metallic ruby potion
  6549 | D:6      | 6549 ||| DROPPING potion of degeneration.
  6564 | D:7      | Noticed Prince Ribbit
  6571 | D:7      | 6571 ||| STAIRDANCE
  6575 | D:7      | 6575 ||| STAIRDANCE
  6579 | D:6      | Reached skill level 11 in Axes
  6581 | D:7      | 6581 ||| INVOKING Berserk.
  6588 | D:7      | Killed Prince Ribbit
  6589 | D:7      | 6589 ||| STAIRDANCE
  6700 | D:7      | HP: 14/71 [something (4)]
  6701 | D:7      | HP: 4/71 [something (5)]
  6702 | D:7      | Slain by an unseen horror

Levels and vault maps discovered:
D:1:      zelgadis_glass_arrival_small, layout_loops_cross,
          ebering_ecumenical_altar_rust
D:2:      layout_rooms, basic_altar, kennysheep_potato
D:3:      layout_basic, gup_sewer_entry_glass, minmay_goblin_outpost,
          uniq_jessica
D:4:      layout_loops_ring, minmay_temple_entry_wispy, uniq_crazy_yiuf_cottage
D:5:      layout_loops_ring, overflow_temple_1_default
D:6:      layout_basic
D:7:      nzn_winding_woodlands_cross [nzn_winding_woodlands_5x15_sidewinder,
          nzn_winding_woodlands_5x15_concentric,
          nzn_winding_woodlands_5x15_crooked,
          nzn_winding_woodlands_5x15_pockets,
          nzn_winding_woodlands_15x15_eel_pit], layout_rooms, serial_shops,
          nicolae_take_the_stairs, uniq_prince_ribbit1

Skill      XL: |  1  2  3  4  5  6  7  8 |
---------------+-------------------------+-----
Axes           | 4 5 6 7 8 9 10 11 | 11.7
Fighting       | 4 5 6 |  6.6
Throwing       | 1 |  1.8
Dodging        | 3 |  3.4
Armour         | 3 4 |  4.7

Action                   |  1- 3 |  4- 6 |  7- 9 || total
-------------------------+-------+-------+-------++-------
Melee: Hand axe          |    77 |   194 |    49 ||   320
       Headbutt          |     7 |    19 |    21 ||    47
       Bite              |       |     4 |     7 ||    11
       Punch             |       |     1 |       ||     1
       War axe           |       |       |    70 ||    70
Throw: Boomerang         |       |    29 |    29 ||    58
Invok: Berserk           |     1 |     3 |     4 ||     8
  Use: Scroll            |     5 |     5 |     5 ||    15
       Potion            |       |     3 |     3 ||     6
Armor: Animal skin       |     3 |       |       ||     3
       Scale mail        |    20 |    41 |    27 ||    88
       Chain mail        |       |       |    28 ||    28
Dodge: Dodged            |    41 |    48 |    49 ||   138

Table legend:
 A = Non-vault XP
 B = Vault XP
 C = Vault XP percentage of total XP
 D = Non-vault monster count
 E = Vault monster count
 F = Vault count percentage of total count
                 A         B        C        D         E       F
            +---------+---------+-------+---------+---------+-------
      Total |    2128 |     478 |  18.3 |     109 |      61 |  35.9
            +---------+---------+-------+---------+---------+-------
        D:1 |      17 |       0 |   0.0 |       9 |       0 |   0.0
        D:2 |      57 |       2 |   3.4 |      20 |       1 |   4.8
        D:3 |      44 |      70 |  61.4 |      19 |      12 |  38.7
        D:4 |     488 |       0 |   0.0 |      25 |       0 |   0.0
        D:5 |     775 |       0 |   0.0 |      26 |       0 |   0.0
        D:6 |     747 |       0 |   0.0 |      10 |       0 |   0.0
        D:7 |       0 |     264 | 100.0 |       0 |       1 | 100.0
      Sewer |       0 |     142 | 100.0 |       0 |      47 | 100.0
            +---------+---------+-------+---------+---------+-------
